 Dungeon Crawl Stone Soup version 0.19.4 (webtiles) character file.

9411 Jynx the Basher (level 11, -11/102 HPs)
             Began as a Minotaur Fighter on Feb 5, 2017.
             Was a Priest of Okawaru.
             Mangled by Snorg (22 damage)
             ... on level 12 of the Dungeon.
             The game lasted 00:19:17 (10548 turns).

Jynx the Basher (Minotaur Fighter)                 Turns: 10548, Time: 00:19:17

Health: -11/102    AC: 23    Str: 21    XL:     11   Next: 22%
Magic:  9/10       EV: 10    Int: 10    God:    Okawaru [***...]
Gold:   654        SH: 11    Dex: 13    Spells: 0 memorised, 10 levels left

rFire  + + .     SeeInvis .     W - +1 morningstar of Qoop {flame, Int+5} (curse)
rCold  . . .     Gourm    .     D - +8 chain mail of Pragmatism {rF+}
rNeg   . . .     Faith    .     c - +0 shield
rPois  .         Spirit   .     (helmet restricted)
rElec  .         Reflect  .     X - +0 cloak
rCorr  .         Harm     .     (no gloves)
MR     .....                    (no boots)
Stlth  ..........               (no amulet)
                                t - ring of protection from cold
                                p - ring of fire

@: about to teleport, heroism
A: retaliatory headbutt, horns 2
a: Heroism, Renounce Religion


You were on level 12 of the Dungeon.
You worshipped Okawaru.
Okawaru was most pleased with you.
You were hungry.

You visited 2 branches of the dungeon, and saw 13 of its levels.
You also visited: Ossuary.

You collected 654 gold pieces.

Inventory:

Hand Weapons
 T - a +3 vampiric morningstar
 W - the cursed +1 morningstar of Qoop (weapon) {flame, Int+5}
   (You found it on level 11 of the Dungeon)

   It has been specially enchanted to burn those struck by it, causing extra
   injury to most foes and up to half again as much damage against particularly
   susceptible opponents.
   It affects your intelligence (+5).
   It has a curse placed upon it.
Armour
 c - a +0 shield (worn)
 l - a +0 pair of gloves
 D - the +8 chain mail of Pragmatism (worn) {rF+}
   (You found it on level 10 of the Dungeon)

   It protects you from fire.
 R - a +0 pair of gloves
 X - a +0 cloak (worn)
Jewellery
 m - a +3 amulet of reflection
 p - a ring of fire (left hand)
 t - a ring of protection from cold (right hand)
 F - a cursed ring of protection from cold
 J - an uncursed amulet of magic regeneration
Wands
 y - a wand of acid (4/15)
 B - a wand of random effects (21/48)
 E - a wand of lightning (7/15)
 I - a wand of hasting (9/9)
 L - a wand of polymorph (11/24)
Scrolls
 a - 4 scrolls of teleportation
 e - a scroll of magic mapping
 i - a scroll of immolation
 j - 6 scrolls of remove curse
 q - 5 scrolls of enchant armour
 r - 2 scrolls of noise
 s - 2 scrolls of enchant weapon
Potions
 b - 5 potions of heal wounds
 d - 3 potions of might
 g - 3 potions of lignification
 k - 4 potions of curing
 A - 4 potions of haste
 C - 3 potions of brilliance
 G - 3 potions of ambrosia
 M - 3 potions of degeneration
 N - a potion of berserk rage
 O - 2 potions of agility
 P - 2 potions of mutation {unknown}
 Q - a potion of flight {unknown}
Comestibles
 f - 7 bread rations
 h - 5 meat rations
 n - 6 chunks of flesh
 o - 2 slices of pizza
 z - 2 fruits
 S - 10 royal jellies
 V - a beef jerky


   Skills:
 + Level 11.2(16.2) Fighting
 * Level 14.2(19.2) Maces & Flails
 + Level 11.0(16.0) Armour
 + Level 3.9(8.9) Shields


You had 10 spell levels left.
You didn't know any spells.

Dungeon Overview and Level Annotations

Branches:
Dungeon (12/15)            Temple (1/1) D:7            Lair (0/6) D:11
    Orc: D:9-12

Altars:
Cheibriados
Elyvilon
Fedhas
Gozag
Hepliaklqana
Makhleb
Nemelex Xobeh
Okawaru
Qazlal
Ru
Sif Muna
Uskayaw
Yredelemnul
Zin
The Shining One

Shops:
D:4 :

Annotations:
D:12 Snorg


Innate Abilities, Weirdness & Mutations

You reflexively headbutt those who attack you in melee.
You have a pair of horns on your head.


Message History

Snorg closely misses you. Snorg claws you but does no damage.
Snorg closely misses you. You block the troll's attack. The troll misses you.
The troll claws you but does no damage.
Unknown command.
You closely miss Snorg.
Snorg is heavily wounded.
Snorg bites you. You block Snorg's attack. x2
The hill giant hits you with a giant club.
The orc closely misses you. Snorg bites you. Snorg claws you.
Snorg claws you but does no damage.
You impale Snorg!! You burn Snorg. You headbutt Snorg!
Snorg is severely wounded.
You block the troll's attack. The troll claws you! The troll barely misses you.
You block the orc's attack. Snorg completely misses you.
Snorg claws you but does no damage. Snorg claws you!
The hill giant hits you with a giant club!!
* * * LOW HITPOINT WARNING * * *
As you read the scroll of teleportation, it crumbles to dust.
You feel strangely unstable. Snorg bites you!!
You die...

........... .........
#≈≈≈≈≈≈≈≈≈≈ #.......#
#≈≈≈≈≈≈≈≈≈≈##........ #.
#≈≈≈≈≈≈≈≈≈≈##........ #..
#≈≈≈≈≈≈≈≈≈...........
#...##≈≈≈≈≈#≈≈≈..........#
........≈≈≈##≈≈...[)......
.......[..@T..............
..#......CTo..............
#................T......
#............(#....####.
#....>........#....#
#.............#....#
######........#....#
##########....# #....#


You could see Snorg (berserk), a hill giant, a troll and an orc.

Vanquished Creatures
  A centaur warrior (D:10)
  Pikel (D:7)
  A hill giant (D:11)
  A manticore (D:11)
  A troll (D:10)
  A hippogriff (D:8)
  A wyvern (D:9)
  A yak (D:11)
  2 hungry ghosts
  Grum (D:9)
  A mottled dragon (D:12)
  A water moccasin (D:9)
  An ice beast (D:7)
  3 orc warriors
  3 black bears
  2 phantoms (D:4)
  A sky beast (D:9)
  2 slaves (D:7)
  2 necrophages
  4 wolves (D:9)
  4 ogres
  5 centaurs
  3 big kobolds
  A crocodile (D:9)
  7 bullfrogs
  A gnoll sergeant (D:7)
  12 scorpions
  5 killer bees (D:11)
  7 wights
  An electric eel (D:6)
  A howler monkey (D:7)
  5 crimson imps
  3 centaur zombies
  6 hounds
  2 bullfrog zombies
  2 human zombies (Ossuary)
  2 quasits
  6 jellies
  2 orc priests
  4 centaur skeletons
  7 orc wizards
  A bullfrog skeleton (D:10)
  Terence (D:2)
  An iguana (D:4)
  7 worker ants
  3 big kobold zombies (Ossuary)
  2 hound skeletons
  3 mummies (Ossuary)
  2 worker ant zombies (D:11)
  Robin (D:2)
  7 gnolls
  A howler monkey skeleton (D:10)
  2 river rats (D:11)
  4 scorpion zombies (Ossuary)
  13 adders
  6 shadow imps
  7 oozes
  An adder skeleton (D:8)
  7 worms
  2 dart slugs (D:2)
  5 leopard geckos
  38 orcs
  4 giant cockroaches
  15 goblins
  9 hobgoblins
  5 jackals
  19 kobolds
  A quokka (D:3)
  A ball python zombie (D:6)
  11 bats
  A frilled lizard (D:1)
  3 gnoll zombies (Ossuary)
  2 hobgoblin zombies (Ossuary)
  2 kobold zombies (Ossuary)
  3 orc zombies (Ossuary)
  13 rats
320 creatures vanquished.

Vanquished Creatures (others)
  A fungus (D:11)
1 creature vanquished.

Grand Total: 321 creatures vanquished

Notes
Turn   | Place    | Note
-------+----------+-------------------------------------------
     0 | D:1      | Jynx the Minotaur Fighter began the quest for the Orb.
     0 | D:1      | Reached XP level 1. HP: 19/19 MP: 0/0
   125 | D:1      | You fall through a shaft!
   143 | D:2      | Reached XP level 2. HP: 16/27 MP: 1/1
   360 | D:2      | Noticed Robin
   365 | D:2      | Reached skill level 3 in Maces & Flails
   371 | D:2      | Killed Robin
   371 | D:2      | Reached XP level 3. HP: 28/33 MP: 2/2
   525 | D:2      | Noticed Terence
   532 | D:2      | Killed Terence
   532 | D:2      | Reached XP level 4. HP: 31/41 MP: 3/3
   695 | D:2      | Reached skill level 4 in Maces & Flails
   857 | D:3      | Reached skill level 5 in Armour
   976 | D:3      | Reached XP level 5. HP: 46/47 MP: 4/4
  1252 | D:3      | Found a blossoming altar of Fedhas.
  1261 | D:3      | Reached skill level 5 in Fighting
  1261 | D:3      | Reached skill level 5 in Maces & Flails
  1659 | D:3      | Reached XP level 6. HP: 56/56 MP: 5/5
  2011 | D:4      | Found Lerog's Book Boutique.
  2020 | D:4      | Reached skill level 6 in Maces & Flails
  2172 | D:4      | Reached XP level 7. HP: 57/62 MP: 6/6
  2191 | D:4      | Found a snail-covered altar of Cheibriados.
  2231 | D:4      | Found a deep blue altar of Sif Muna.
  2501 | D:5      | Entered Level 5 of the Dungeon
  2637 | D:5      | Reached skill level 7 in Maces & Flails
  2896 | D:5      | Found a burning altar of Makhleb.
  2940 | D:5      | Found a stormy altar of Qazlal.
  3159 | D:5      | Reached XP level 8. HP: 54/71 MP: 7/7
  3325 | D:6      | Reached skill level 8 in Maces & Flails
  3840 | D:6      | Reached skill level 9 in Maces & Flails
  4186 | D:6      | Reached XP level 9. HP: 80/81 MP: 8/8
  4376 | D:7      | Reached skill level 10 in Maces & Flails
  4475 | D:7      | Noticed Pikel
  4494 | D:7      | Killed Pikel
  4584 | D:7      | Found a hazy altar of Hepliaklqana.
  4695 | D:7      | Found a sand-covered staircase.
  4700 | Ossuary  | Entered an ossuary
  4742 | Ossuary  | Reached skill level 11 in Maces & Flails
  5268 | D:7      | Found a staircase to the Ecumenical Temple.
  5332 | Temple   | Entered the Ecumenical Temple
  5342 | Temple   | Became a worshipper of Warmaster Okawaru
  5740 | D:7      | Found a sparkling altar of Nemelex Xobeh.
  6061 | D:8      | Reached XP level 10. HP: 87/91 MP: 9/9
  6142 | D:8      | Reached skill level 12 in Maces & Flails
  6228 | D:8      | Reached * piety under Okawaru
  7051 | D:9      | Found a sparkling altar of Nemelex Xobeh.
  7054 | D:9      | Found an opulent altar of Gozag.
  7055 | D:9      | Found a sacrificial altar of Ru.
  7171 | D:9      | Reached skill level 10 in Fighting
  7690 | D:9      | Reached skill level 10 in Armour
  7955 | D:9      | Noticed Grum
  7971 | D:9      | Reached ** piety under Okawaru
  7971 | D:9      | Reached skill level 13 in Maces & Flails
  7986 | D:9      | Killed Grum
  8590 | D:10     | Entered Level 10 of the Dungeon
  8956 | D:10     | Noticed a centaur warrior
  8964 | D:10     | Killed a centaur warrior
  8964 | D:10     | Reached *** piety under Okawaru
  9220 | D:10     | Got a blackened chain mail
  9231 | D:10     | Identified the +8 chain mail of Pragmatism {rF+} (You found it on level 10 of the Dungeon)
  9258 | D:11     | Noticed a manticore
  9269 | D:11     | Killed a manticore
  9269 | D:11     | Reached XP level 11. HP: 57/101 MP: 10/10
  9697 | D:11     | Reached skill level 14 in Maces & Flails
  9803 | D:11     | Got a shimmering morningstar
  9805 | D:11     | Identified the cursed +1 morningstar of Qoop {flame, Int+5} (You found it on level 11 of the Dungeon)
  9816 | D:11     | Found a staircase to the Lair.
 10133 | D:12     | Noticed Snorg
 10133 | D:12     | Noticed a hill giant
 10145 | D:12     | HP: 5/102 [Snorg (14)]
 10433 | D:11     | Noticed a hill giant
 10439 | D:11     | Killed a hill giant
 10548 | D:12     | Mangled by Snorg

Skill      XL: |  1  2  3  4  5  6  7  8  9 10 11 |
---------------+----------------------------------+-----
Fighting       | 4 5 6 8 9 10 11 | 11.2
Armour         | 4 5 6 8 9 10 11 | 11.0
Maces & Flails | 3 4 5 6 7 9 11 13 14 | 14.2
Shields        | |  3.9

Action                   |  1- 3 |  4- 6 |  7- 9 | 10-12 || total
-------------------------+-------+-------+-------+-------++-------
Melee: Flail             |    75 |   144 |    86 |       ||   305
       Headbutt          |    11 |    16 |    64 |    75 ||   166
       Dire flail        |       |       |   229 |    46 ||   275
       Morningstar       |       |       |       |   311 ||   311
Invok: Heroism           |       |       |       |     1 ||     1
  Use: Scroll            |       |     9 |       |    17 ||    26
  Eat: Chunk             |       |     4 |    10 |    18 ||    32
       Beef jerky        |       |       |     1 |     1 ||     2
Armor: Scale mail        |    28 |    88 |   126 |   114 ||   356
       Chain mail        |       |       |       |   133 ||   133
Dodge: Dodged            |    33 |    55 |   113 |   157 ||   358
Block: Shield            |     1 |       |       |    52 ||    53
